Map: Dusk Towers

Players

Socke - Winner!

  • Race: Protoss Protoss
  • League: Master

Miszu

  • Race: Terran Terran
  • League: Master

VOD

Have the link to the VOD?

Description

Time

  • Played on: Feb. 6, 2016, 6:39 p.m.
  • Length: 8:45
Show
View Real Time Build Order
Export as new Build Order

Socke Protoss - Winner!

Build Orders: 1 Gate Expand, Blink Stalkers 

Get SALT Encoding   

  12  0:01  Probe (Chrono Boost)  
  13  0:11  Probe (Chrono Boost)  
  14  0:17  Pylon  
  14  0:22  Probe (Chrono Boost)  
  16  0:35  Probe (Chrono Boost)  
  16  0:37  Gateway  
  16  0:46  Probe (Chrono Boost)  
  16  0:47  Assimilator  
  17  0:57  Probe (Chrono Boost)  
  18  1:07  Probe (Chrono Boost)  
  19  1:20  Nexus  
  19  1:30  Cybernetics Core  
  19  1:31  Probe (Chrono Boost)  
  20  1:39  Assimilator  
  20  1:42  Probe (Chrono Boost)  
  21  1:53  Probe (Chrono Boost)  
  22  1:55  Pylon  
  22  2:03  Probe (Chrono Boost)  
  23  2:14  Mothership Core (Chrono Boost)  
  25  2:22  Warp Gate  
  25  2:28  Stalker  
  27  2:32  Probe (Chrono Boost)  
  27  2:35  Probe (Chrono Boost)  
  29  2:43  Probe (Chrono Boost)  
  30  2:46  Probe (Chrono Boost)  
  30  2:49  Robotics Facility  
  31  2:53  Probe (Chrono Boost)  
  31  2:54  Assimilator  
  31  2:57  Probe (Chrono Boost)  
  35  3:04  Probe (Chrono Boost)  
  34  3:06  Twilight Council  
  34  3:07  Probe (Chrono Boost)  
  34  3:11  Adept  
  37  3:14  Probe (Chrono Boost)  
  37  3:18  Probe (Chrono Boost)  
  39  3:24  Pylon  
  39  3:25  Probe (Chrono Boost)  
  40  3:28  Probe (Chrono Boost)  
  41  3:35  Probe (Chrono Boost)  
  41  3:37  Observer (Chrono Boost), Probe  
  44  3:42  Blink (Chrono Boost)  
  44  3:45  Adept (Chrono Boost)  
  44  3:47  Probe x2  
  47  3:49  Gateway  
  48  3:59  Probe  
  46  4:03  Probe  
  42  4:14  Probe  
  42  4:15  Probe  
  46  4:17  Warp Prism (Chrono Boost)  
  44  4:26  Probe x2  
  44  4:30  Gateway  
  46  4:38  Probe x2  
  48  4:45  Pylon  
  48  4:47  Stalker x2  
  48  4:50  Probe x2  
  54  4:58  Pylon  
  54  5:01  Observer  
  55  5:07  Pylon  
  55  5:10  Probe  
  55  5:12  Nexus  
  55  5:14  Probe  
  57  5:26  Stalker x2  
  61  5:42  Stalker  
  46  6:01  Stalker x2  
  38  6:06  Stalker  
  34  6:26  Probe  
  31  6:45  Probe x2 (Chrono Boost)  
  31  6:56  Probe x2 (Chrono Boost)  
  31  6:59  Stalker  
  31  7:00  Stalker  
  37  7:07  Probe x2 (Chrono Boost)  
  39  7:14  Probe (Chrono Boost)  
  40  7:17  Probe (Chrono Boost)  
  40  7:18  Probe (Chrono Boost)  
  42  7:24  Sentry  
  42  7:25  Probe (Chrono Boost)  
  42  7:28  Probe (Chrono Boost)  
  46  7:36  Sentry  
  48  7:38  Stalker  
  48  7:43  Probe x2 (Chrono Boost)  
  52  7:54  Probe x2 (Chrono Boost)  
  50  7:58  Probe (Chrono Boost)  
  50  7:59  Stalker  
  50  8:08  Probe (Chrono Boost)  
  45  8:15  Stalker x2  
  45  8:18  Probe (Chrono Boost)  
  50  8:25  Stalker  
  50  8:27  Probe (Chrono Boost)  
  50  8:29  Probe (Chrono Boost)  
  50  8:31  Probe (Chrono Boost)  
  53  8:38  Stalker  
Show
View Real Time Build Order
Export as new Build Order

Miszu Terran 

Build Orders: Hellion Opening 

Get SALT Encoding   

  12  0:00  SCV  
  13  0:12  SCV  
  14  0:17  Supply Depot  
  14  0:25  SCV  
  15  0:39  SCV  
  16  0:42  Barracks  
  16  0:45  Refinery  
  16  0:51  SCV  
  17  1:03  SCV  
  18  1:15  SCV  
  19  1:29  Orbital Command  
  19  1:30  Marine  
  20  1:39  Command Center  
  20  1:55  SCV  
  20  1:56  Factory  
  22  2:06  Supply Depot  
  22  2:07  Barracks Reactor, SCV  
  22  2:19  SCV  
  23  2:44  Factory, SCV  
  24  2:49  Hellion x2  
  24  2:50  Orbital Command  
  28  2:56  SCV  
  29  3:02  Barracks Reactor  
  29  3:08  SCV  
  29  3:10  Hellion  
  29  3:11  Hellion  
  34  3:17  SCV  
  35  3:20  Supply Depot, SCV  
  36  3:29  SCV  
  36  3:32  Hellion x2, SCV  
  42  3:39  Factory  
  42  3:41  Hellion, SCV  
  42  3:42  Hellion  
  42  3:44  SCV  
  42  3:45  Supply Depot  
  48  3:54  Hellion, SCV  
  51  3:56  SCV  
  52  4:07  Supply Depot  
  52  4:15  Hellion x2  
  52  4:20  Hellion x2, SCV  
  52  4:23  Factory Tech Lab  
  55  4:24  SCV  
  55  4:27  Armory  
  55  4:29  Supply Depot  
  56  4:33  SCV  
  56  4:36  Engineering Bay, Hellion x2  
  61  4:41  Hellion  
  61  4:43  Hellion  
  61  4:44  Hellion  
  61  4:45  SCV  
  67  4:48  SCV  
  68  4:53  Supply Depot  
  68  4:57  Hellion, SCV  
  71  5:05  Supply Depot, SCV  
  72  5:12  Hellion x2  
  72  5:13  Hellion  
  78  5:19  Hellion, Cyclone  
  78  5:20  Supply Depot, SCV x2  
  85  5:32  SCV  
  85  5:34  Hellion x2  
  85  5:44  Hellion  
  85  5:45  Hellion  
  84  5:51  Hellion  
  84  5:55  Hellion x2  
  68  6:11  Hellion  
  59  6:14  Hellion  
  52  6:26  Hellion, SCV x2  
  54  6:38  SCV x2  
  52  6:47  Hellion x4  
  52  6:50  SCV  
  52  6:51  SCV  
  62  7:03  SCV x2  
  62  7:07  Cyclone  
  65  7:10  Supply Depot  
  65  7:11  Supply Depot, Hellion  
  65  7:13  Hellion x2  
  65  7:15  SCV x2  
  73  7:25  Refinery  
  73  7:27  SCV x2  
  73  7:28  Hellion  
  75  7:33  Hellion  
  77  7:39  SCV x2  
  77  7:46  Hellion x2  
  77  7:47  Hellion  
  77  7:51  SCV  
  80  7:59  Hellion x2  
  69  8:16  Hellion  
  69  8:17  Hellion, SCV x2  
  71  8:21  Hellion x2  
  74  8:29  SCV x2  
  74  8:34  Command Center  
  76  8:36  Refinery x2  
Tags
 
Add a new tag
Caveats
  • Supply blocks, unpowered buildings, or Contaminate may cause inaccurate times.
  • Supply counts are checked every 10 seconds.